 Dungeon Crawl Stone Soup version 0.30-a0-1075-gcd70e7a56d (webtiles) character file.

Game seed: 7825910589844211954

814 Firecrotchwizard the Digger (level 7, -11/36 HPs)
             Began as a Gargoyle Earth Elementalist on Apr 15, 2023.
             Mangled by a wyvern (12 damage)
             ... on level 6 of the Dungeon.
             The game lasted 00:13:59 (3979 turns).

Firecrotchwizard the Digger (GrEE)                  Turns: 3979, Time: 00:13:59

Health: -11/36     AC:  7    Str: 11    XL:     7   Next: 93%
Magic:  10/14      EV: 11    Int: 24    God:
Gold:   234        SH:  0    Dex: 10    Spells: 10/16 levels left

rFire   . . .      SeeInvis .    A - +1 dagger (venom)
rCold   . . .      Faith    .    (no shield)
rNeg    + . .      Spirit   .    a - +0 robe
rPois   ∞          Reflect  .    (no helmet)
rElec   +          Rampage  .    (no cloak)
rCorr   .                        t - +0 pair of gloves
Will    +....                    (no boots)
Stlth   ++                       (no amulet)
HPRegen 0.26/turn                h - ring of willpower
MPRegen 0.14/turn                r - +6 ring of intelligence

@: no status effects
A: sickness immunity, AC +4, negative energy resistance 1, electricity
resistance, torment resistance 1, petrification resistance
a: no special abilities


You were on level 6 of the Dungeon.
You visited 1 branch of the dungeon, and saw 6 of its levels.

You collected 234 gold pieces.

Inventory:

Hand Weapons
 d - a +0 club
 s - a +0 dagger
 A - a +1 dagger of venom (weapon)
Missiles
 c - 5 javelins
 l - 10 poisoned darts
 u - 3 silver javelins
Armour
 a - a +0 robe (worn)
 t - a +0 pair of gloves (worn)
Jewellery
 h - a ring of willpower (left hand)
 r - a +6 ring of intelligence (right hand)
 x - a +6 ring of dexterity
 B - an amulet of faith
 C - a ring of ice
Wands
 y - a wand of iceblast (8)
Scrolls
 e - a scroll of brand weapon {unknown}
 f - a scroll of fear {unknown}
 g - a scroll of amnesia {unknown}
 j - a scroll of enchant armour {unknown}
 k - a scroll of blinking {unknown}
 n - a scroll of magic mapping {unknown}
 o - a scroll of vulnerability {unknown}
 p - 3 scrolls of teleportation {unknown}
 v - a scroll of torment {unknown}
 w - a scroll of fog {unknown}
 z - a scroll of noise {unknown}
Potions
 b - a potion of magic
 i - a potion of haste {unknown}
 m - 2 potions of might {unknown}
 q - 2 potions of lignification {unknown}
 D - a potion of attraction {unknown}


   Skills:
 - Level 1.5 Dodging
 - Level 2.1 Stealth
 + Level 5.2 Spellcasting
 - Level 4.0 Conjurations
 - Level 1.3 Transmutations
 + Level 7.3 Earth Magic


You had 10 spell levels left.
You knew the following spells:

 Your Spells              Type           Power      Damage    Failure   Level
a - Sandblast             Erth           82%        2d17      1%          1
b - Passwall              Tmut/Erth      22%        N/A       2%          2
c - Stone Arrow           Conj/Erth      66%        3d11      2%          3

Your spell library contained the following spells:

 Spells                   Type           Power      Damage    Failure   Level
 Ensorcelled Hibernation  Hex/Ice        12%        N/A       13%         2
 Petrify                  Tmut/Erth      27%        N/A       14%         4
 Ignite Poison            Fire/Tmut/Pois 8%         N/A       22%         3
 Gell's Gravitas          Tloc           6%         N/A       26%         3
 Swiftness                Air            6%         N/A       26%         3
 Teleport Other           Tloc           6%         N/A       26%         3
 Sticky Flame             Conj/Fire      15%        2d4       36%         4
 Dispel Undead            Necr           6%         3d8       65%         4
 Death Channel            Necr           3%         N/A       100%        6
 Dispersal                Tloc           3%         N/A       100%        6
 Ignition                 Fire           3%         3d4       100%        8
 Cigotuvi's Dreadful Rot  Necr/Pois/Air  Unusable   N/A       N/A         2

Dungeon Overview and Level Annotations

Branches:
Dungeon (6/15)
 Temple: D:4-7

Altars:
The Shining One

Annotations:
D:5 8 runed translucent doors, dufus's ghost, novice BaMo


Innate Abilities, Weirdness & Mutations

You are immune to sickness and miasma.
Your stone body is resilient. (AC +4)
You are immune to poison.
You resist negative energy. (rN+)
You are resistant to electric shocks. (rElec)
You are resistant to unholy torment.
You are immune to petrification.


Message History

The blast of sand hits the sleepcap!
The sleepcap is severely damaged.
The sleepcap closely misses you.
Casting: Sandblast (safe; 1% risk of failure)
Confirm with . or Enter, or press ? or * to list all spells.
Aiming: Sandblast (safe; 1% risk of failure)
Press: ? - help, Shift-Dir - straight line, f/p - sleepcap
Aim: a sleepcap (severely damaged, 100% to hit)
The blast of sand hits the sleepcap but does no damage.
The sleepcap is severely damaged.
The orc shouts!
The sleepcap releases spores at you but does no damage.
An orc comes into view.
It is wielding a +0 falchion and wearing a +1 leather armour of fire resistance.
The sleepcap releases spores at you. The sleepcap barely misses you.
You climb upwards.
Level annotation: 8 runed translucent doors, dufus's ghost, novice BaMo
There is a stone staircase leading down here.
Casting: Sandblast (safe; 1% risk of failure)
Confirm with . or Enter, or press ? or * to list all spells.
Aiming: Sandblast (safe; 1% risk of failure)
Press: ? - help, Shift-Dir - straight line, f - sleepcap
Aim: a sleepcap (severely damaged, 100% to hit)
The blast of sand hits the sleepcap.
The sleepcap is almost destroyed.
The sleepcap misses you.
Casting: Sandblast (safe; 1% risk of failure)
Confirm with . or Enter, or press ? or * to list all spells.
Aiming: Sandblast (safe; 1% risk of failure)
Press: ? - help, Shift-Dir - straight line, f/p - sleepcap
Aim: a sleepcap (almost destroyed, 100% to hit)
The blast of sand hits the sleepcap!
You destroy the sleepcap!
You start resting.
HP restored.
You start resting.
Magic restored.
There is a stone staircase leading down here.
You climb downwards.
There is a stone staircase leading up here.
Casting: Sandblast (safe; 1% risk of failure)
Confirm with . or Enter, or press ? or * to list all spells.
Aiming: Sandblast (safe; 1% risk of failure)
Press: ? - help, Shift-Dir - straight line, f - orc
Aim: an orc, wielding a +0 hand axe (85% to hit)
Okay, then.
The orc shouts!
You hit the orc.
The orc is poisoned.
The orc is lightly wounded.
You hear a shout!
The orc closely misses you.
Casting: Sandblast (safe; 1% risk of failure)
Confirm with . or Enter, or press ? or * to list all spells.
Aiming: Sandblast (safe; 1% risk of failure)
Press: ? - help, Shift-Dir - straight line, f - wyvern
Aim: a wyvern (wandering, hasn't noticed you, 85% to hit)
The blast of sand hits the wyvern.
The wyvern is lightly wounded.
The wyvern hisses angrily.
The orc hits you but does no damage. The orc barely misses you.
Casting: Sandblast (safe; 1% risk of failure)
Confirm with . or Enter, or press ? or * to list all spells.
Aiming: Sandblast (safe; 1% risk of failure)
Press: ? - help, Shift-Dir - straight line, f/p - wyvern
Aim: a wyvern (lightly wounded, 85% to hit)
The blast of sand hits the wyvern!
The wyvern is heavily wounded.
You kill the orc!
The wyvern bites you but does no damage.
The wyvern bites you!
Casting: Sandblast (safe; 1% risk of failure)
Confirm with . or Enter, or press ? or * to list all spells.
Aiming: Sandblast (safe; 1% risk of failure)
Press: ? - help, Shift-Dir - straight line, f/p - wyvern
Aim: a wyvern (heavily wounded, 85% to hit)
The blast of sand misses the wyvern.
The wyvern bites you!
* * * LOW HITPOINT WARNING * * *
The orc hits you with a +0 falchion.
* * * LOW HITPOINT WARNING * * *
The wyvern bites you!
* * * LOW HITPOINT WARNING * * *
The orc hits you but does no damage.
Casting: Sandblast (safe; 1% risk of failure)
Confirm with . or Enter, or press ? or * to list all spells.
Aiming: Sandblast (safe; 1% risk of failure)
Press: ? - help, Shift-Dir - straight line, f/p - wyvern
Aim: a wyvern (heavily wounded, 85% to hit)
The blast of sand hits the wyvern!
The wyvern is almost dead.
The wyvern bites you!
* * * LOW HITPOINT WARNING * * *
The orc hits you but does no damage. The wyvern barely misses you.
Unknown command.
Casting: Sandblast (safe; 1% risk of failure)
Confirm with . or Enter, or press ? or * to list all spells.
Aiming: Sandblast (safe; 1% risk of failure)
Press: ? - help, Shift-Dir - straight line, f/p - wyvern
Aim: a wyvern (almost dead, 85% to hit)
The blast of sand misses the wyvern.
The wyvern bites you!
You die...

o#..# ..
....## .#
^o.. .. ...#
. .#.####..#
.. .........#
#.#.# #.# #<#
#.....#o###.#
#.....l@)...#
#######.#####
#.# #.# ..#
###


You could see a wyvern and an orc.

Vanquished Creatures
  2 black bears
  An ogre (D:5)
  A scorpion (D:4)
  3 jellies
  2 sleepcaps (D:5)
  2 iguanas (D:5)
  3 orc wizards
  6 gnolls
  7 adders
  A worm (D:1)
  A dart slug (D:5)
  10 orcs
  7 ball pythons
  7 endoplasms
  3 giant cockroaches
  11 goblins
  5 hobgoblins
  6 jackals
  5 kobolds
  5 quokkas
  7 bats
  2 frilled lizards
  7 rats
104 creatures vanquished.

Notes
Turn   | Place    | Note
-------+----------+-------------------------------------------
     0 | D:1      | Firecrotchwizard the Gargoyle Earth Elementalist began the
                  | quest for the Orb.
     0 | D:1      | Reached XP level 1. HP: 10/10 MP: 3/3
   119 | D:1      | Reached skill level 1 in Transmutations
   121 | D:1      | Reached XP level 2. HP: 9/15 MP: 0/5
   269 | D:1      | Reached skill level 4 in Earth Magic
   434 | D:1      | Reached XP level 3. HP: 6/19 MP: 2/6
   437 | D:1      | Learned a level 2 spell: Passwall
   441 | D:1      | Learned a level 3 spell: Stone Arrow
  1098 | D:2      | Reached skill level 1 in Conjurations
  1151 | D:2      | Reached XP level 4. HP: 24/24 MP: 8/8
  1348 | D:2      | Found a faded altar of an unknown god.
  2000 | D:3      | Reached XP level 5. HP: 25/28 MP: 6/9
  2027 | D:3      | Reached skill level 5 in Earth Magic
  2693 | D:4      | Reached XP level 6. HP: 32/32 MP: 7/11
  3091 | D:4      | Noticed a black bear
  3093 | D:4      | Killed a black bear
  3094 | D:4      | Reached skill level 6 in Earth Magic
  3094 | D:4      | Reached XP level 7. HP: 36/36 MP: 9/13
  3237 | D:5      | Entered Level 5 of the Dungeon
  3456 | D:5      | Noticed a redback
  3458 | D:5      | Found a runed translucent door.
  3458 | D:5      | Found a runed translucent gate.
  3459 | D:5      | Found a runed translucent gate.
  3462 | D:5      | Found the +9 staff of Olgreb {rPois∞}
  3467 | D:5      | Found a runed translucent door.
  3498 | D:5      | Noticed a redback
  3499 | D:5      | Found a runed translucent gate.
  3499 | D:5      | Noticed a redback
  3499 | D:5      | Noticed a redback
  3609 | D:5      | Found a runed translucent gate.
  3611 | D:5      | Found a runed translucent gate.
  3612 | D:5      | Found a runed translucent gate.
  3791 | D:5      | Found a glowing golden altar of the Shining One.
  3834 | D:5      | Reached skill level 5 in Spellcasting
  3834 | D:5      | Reached skill level 7 in Earth Magic
  3888 | D:5      | Noticed dufus's ghost (novice BaMo)
  3970 | D:6      | Noticed a wyvern
  3978 | D:6      | HP: 1/36 [wyvern (7)]
  3979 | D:6      | Mangled by a wyvern

Illustrated notes

Levels and vault maps discovered:
D:1:      spicycebolla_arrival_risky_transporter, layout_rooms
D:2:      layout_rooms, ebering_ecumenical_altar_mist
D:3:      layout_rooms, minmay_misc_feat_hallway
D:4:      layout_basic, minmay_fountain_box
D:5:      layout_cave_pools, tso_oasis_becter, ebering_ghost_rock_garden,
          skrybe_limestone_x, minmay_guarded_unrand_staff_of_olgreb
D:6:      layout_loops_ring, makhleb_grotto_becter,
          mainiacjoe_overflow_catch_the_wave, minmay_temple_entry_sparse_star,
          uniq_pikel, uniq_edmund

Skill      XL: |  1  2  3  4  5  6  7 |
---------------+----------------------+-----
Transmutations | 1 |  1.3
Earth Magic    | 4 5 6 7 |  7.3
Conjurations   | 1 2 3 4 |  4.0
Spellcasting   | 3 4 5 |  5.2
Dodging        | |  1.5
Stealth        | |  2.1

Action                     |  1- 3 |  4- 6 |  7- 9 || total
---------------------------+-------+-------+-------++-------
  Melee: Unarmed           |    15 |       |       ||    15
         Punch             |     1 |     1 |       ||     2
         Dagger            |    96 |   223 |    17 ||   336
         Club              |     7 |       |       ||     7
   Cast: Sandblast         |    23 |    41 |    34 ||    98
   Stab: Sleeping          |     5 |     3 |       ||     8
 Armour: Robe              |    57 |   110 |    13 ||   180
  Dodge: Dodged            |   101 |   161 |    24 ||   286

Table legend: (Time is in decaauts)
 A = Elapsed time spent in this place.
 B = Non-inter-level travel time spent in this place.
 C = Inter-level travel time spent in this place.
 D = Time resting spent in this place.
 E = Time spent auto-exploring this place.
 F = Levels seen in this place.
 G = Mean time per level.
                   A        B        C        D        E       F      G
               +--------+--------+--------+--------+--------+-----+--------+
         Total |   4029 |   3878 |    151 |    677 |   2213 |   6 |  671.5 |
       Dungeon |   4029 |   3878 |    151 |    677 |   2213 |   6 |  671.5 |
               +--------+--------+--------+--------+--------+-----+--------+

Top non-repeatable levels by time:
     D:1: 995 daAuts
     D:3: 890 daAuts
     D:4: 743 daAuts
     D:5: 739 daAuts
     D:2: 641 daAuts
     D:6: 18 daAuts
